 Dungeon Crawl Stone Soup version 0.23.2-1-ga50397a (webtiles) character file.

Game seed: 7394288211306956610

137 MalarOregon the Poker (level 5, -5/41 HPs)
             Began as a Merfolk Skald on May 26, 2019.
             Slain by a scorpion (7 damage)
             ... on level 2 of the Dungeon.
             The game lasted 00:05:55 (2754 turns).

MalarOregon the Poker (Merfolk Skald)               Turns: 2754, Time: 00:05:57

Health: -5/41      AC:  4    Str: 12    XL:     5   Next: 20%
Magic:  4/10       EV: 13    Int: 13    God:
Gold:   75         SH:  0    Dex: 13    Spells: 4/10 levels left

rFire    . . .     SeeInvis .   a - +0 spear
rCold    . . .     Gourm    .   (no shield)
rNeg     . . .     Faith    .   q - +0 robe
rPois    .         Spirit   .   n - +0 helmet
rElec    .         Reflect  .   (no cloak)
rCorr    .         Harm     .   f - +0 pair of gloves
MR       .....                  (no boots)
Stlth    +.........             (no amulet)
HPRegen  0.13/turn              (no ring)
MPRegen  0.12/turn              (no ring)

@: lethally poisoned (-5 -> -6)
A: change form in water, swift swim, stealthy swim
a: no special abilities


You were on level 2 of the Dungeon.
You were hungry.

You visited 1 branch of the dungeon, and saw 2 of its levels.

You collected 75 gold pieces.

Inventory:

Hand Weapons
 a - a +0 spear (weapon)
Armour
 f - a +0 pair of gloves (worn)
   (You found it on level 1 of the Dungeon)
 n - a +0 helmet (worn)
   (You found it on level 2 of the Dungeon)
 q - a +0 robe (worn)
   (You took it off a goblin on level 2 of the Dungeon)
Scrolls
 d - a scroll of immolation {unknown}
 g - 2 scrolls of teleportation {unknown}
 i - a scroll of identify {@r1}
 k - 2 scrolls of amnesia
 l - 6 scrolls of remove curse {unknown}
 o - 3 scrolls of enchant armour {unknown}
Potions
 c - 2 potions of heal wounds {unknown}
 j - 3 potions of curing {@q1}
 m - 2 potions of agility {unknown}
 p - a potion of ambrosia {unknown}
Comestibles
 e - 4 rations {!d}


   Skills:
 - Level 3.0 Fighting
 + Level 4.1 Polearms
 - Level 1.0 Armour
 - Level 3.0 Dodging
 * Level 3.3 Spellcasting
 + Level 0.0 Hexes
 - Level 4.0 Charms
 + Level 0.0 Necromancy


You had 4 spell levels left.
You knew the following spells:

 Your Spells              Type           Power        Failure   Level  Hunger
e - Regeneration          Chrm/Necr      #.........   28%         3    ###....
t - Spectral Weapon       Hex/Chrm       #.......     28%         3    ###....

Your spell library contained the following spells:

 Spells                   Type           Power        Failure   Level  Hunger
 Infusion                 Chrm           ##..         4%          1    #......
 Song of Slaying          Chrm           ##......     6%          2    ##.....
 Shroud of Golubria       Chrm/Tloc      #.........   14%         2    ##.....


Dungeon Overview and Level Annotations

Branches:
Dungeon (2/15)

Altars:
Nemelex Xobeh


Message History

Your skin crawls.
You are feeling hungry.
You feel sick. The scorpion stings you.
* * * LOW HITPOINT WARNING * * *
You are more poisoned.
The scorpion poisons you!
You feel sick.
Your skin is crawling a little less now.
You feel sick.
You feel sick.
You feel sick.
You feel sick.
You feel sick.
You feel sick.
Your skin stops crawling.
* * * LOW HITPOINT WARNING * * *
You feel sick.
* * * LOW HITPOINT WARNING * * *
You feel sick.
Your skin crawls.
You feel sick.
Unknown command.
Your skin is crawling a little less now.
You feel sick.
You feel sick.
You feel sick.
You feel sick.
You feel sick.
Your skin stops crawling.
* * * LOW HITPOINT WARNING * * *
You feel sick.
* * * LOW HITPOINT WARNING * * *
You feel sick.
Your magical contamination has completely faded away.
There is an open door here.
* * * LOW HITPOINT WARNING * * *
You feel sick.
All of the chunks of flesh in your inventory have rotted away.
Unknown command.
* * * LOW HITPOINT WARNING * * *
You feel sick.
Unknown command.
* * * LOW HITPOINT WARNING * * *
You feel sick.
* * * LOW HITPOINT WARNING * * *
You feel sick.
There is an open door here.
* * * LOW HITPOINT WARNING * * *
You feel sick. The scorpion stings you!
You die...

### ##.## ######## ##...####
#......#
#####.......######.####.#
........s@....).)....##.# #..
######.#...######.#.##.# #..
#.##### #.#.##.# ... #.# #.#.##.#
#.# # ##'## ##..>...# #.#.#
##...## ###.......# #.#.##
##.....## #.........# .....##
##.......## #.#.#.###.#
#.#...####.........###.........##


You could see a scorpion.

Vanquished Creatures
  Robin (D:2)
  A gnoll (D:1)
  3 adders (D:2)
  An ooze (D:1)
  2 worms (D:2)
  4 dart slugs
  4 giant cockroaches
  18 goblins
  8 hobgoblins
  2 jackals (D:1)
  7 kobolds
  A ball python (D:2)
  11 bats
  A frilled lizard (D:1)
  6 rats
70 creatures vanquished.

Notes
Turn   | Place    | Note
-------+----------+-------------------------------------------
     0 | D:1      | MalarOregon the Merfolk Skald began the quest for the Orb.
     0 | D:1      | Reached XP level 1. HP: 16/16 MP: 3/3
   450 | D:1      | Reached XP level 2. HP: 7/23 MP: 5/5
   739 | D:1      | Reached XP level 3. HP: 26/28 MP: 6/6
   755 | D:1      | Reached skill level 1 in Armour
  1415 | D:2      | Reached XP level 4. HP: 34/34 MP: 8/8
  1522 | D:2      | Noticed Robin
  1580 | D:2      | Killed Robin
  1953 | D:2      | Reached XP level 5. HP: 24/41 MP: 4/9
  2114 | D:2      | Found a sparkling altar of Nemelex Xobeh.
  2282 | D:2      | HP: 2/41 [worm (7)]
  2586 | D:2      | Learned a level 3 spell: Regeneration
  2590 | D:2      | Learned a level 3 spell: Spectral Weapon
  2748 | D:2      | HP: 2/41 [poisoned by a scorpion]
  2754 | D:2      | Slain by a scorpion

Skill      XL: |  1  2  3  4 |
---------------+-------------+-----
Dodging        | 3 |  3.0
Armour         | 1 |  1.0
Spellcasting   | 3 |  3.3
Fighting       | 3 |  3.0
Polearms       | 4 |  4.1
Charms         | 4 |  4.0

Action                   |  1- 3 |  4- 6 || total
-------------------------+-------+-------++-------
Melee: Spear             |   150 |   193 ||   343
 Cast: Infusion          |       |     2 ||     2
       Regeneration      |       |     3 ||     3
  Use: Scroll            |       |     3 ||     3
 Stab: Sleeping          |     2 |       ||     2
  Eat: Chunk             |     2 |     4 ||     6
Armor: Leather armour    |    39 |    37 ||    76
       Robe              |       |     2 ||     2
Dodge: Dodged            |   109 |   103 ||   212
